 Dungeon Crawl Stone Soup version 0.30-a0-726-gd89dcf765f (webtiles) character file.

Game seed: 14150233330752322310

72 ASSMAN the Magician (level 4, 0/34 HPs)
             Began as a Demonspawn Hedge Wizard on Jan 29, 2023.
             Slain by Sigmund
             ... wielding a +0 scythe
              (11 damage)
             ... on level 2 of the Dungeon.
             The game lasted 00:05:39 (2567 turns).

ASSMAN the Magician (Demonspawn Hedge Wizard)       Turns: 2567, Time: 00:05:40

Health: 0/34       AC:  4    Str: 10    XL:     4   Next: 7%
Magic:  1/8        EV: 12    Int: 24    God:
Gold:   62         SH:  0    Dex: 12    Spells: 8/9 levels left

rFire   . . .      SeeInvis .    a - +1 dagger
rCold   . . .      Faith    .    (no shield)
rNeg    . . .      Spirit   .    b - +0 robe
rPois   +          Reflect  .    c - +0 hat
rElec   .          Harm     .    (no cloak)
rCorr   .          Rampage  .    (no gloves)
Will    .....                    d - +1 pair of boots
Stlth   ++                       (no amulet)
HPRegen 0.25/turn                f - ring of poison resistance
MPRegen 0.11/turn                m - +6 ring of intelligence

@: mighty
A: demonic magic 1
a: no special abilities


You were on level 2 of the Dungeon.
You visited 1 branch of the dungeon, and saw 2 of its levels.

You collected 62 gold pieces.

Inventory:

Hand Weapons
 a - a +1 dagger (weapon)
Armour
 b - a +0 robe (worn)
 c - a +0 hat (worn)
 d - a +1 pair of boots (worn)
Jewellery
 f - a ring of poison resistance (left hand)
 m - a +6 ring of intelligence (right hand)
Scrolls
 l - a scroll of vulnerability
Potions
 j - a potion of heal wounds
 p - a potion of cancellation {unknown}
 q - a potion of flight {unknown}


   Skills:
 + Level 2.9 Fighting
 - Level 1.7 Dodging
 - Level 1.7 Stealth
 - Level 3.0 Spellcasting
 * Level 1.7 Conjurations
 - Level 1.0 Summonings
 - Level 0.8 Translocations
 * Level 1.2 Fire Magic


You had 8 spell levels left.
You knew the following spells:

 Your Spells              Type           Power      Damage    Failure   Level
a - Magic Dart            Conj           48%        1d5       5%          1

Your spell library contained the following spells:

 Spells                   Type           Power      Damage    Failure   Level
 Slow                     Hex            12%        N/A       11%         1
 Call Imp                 Summ           8%         N/A       11%         2
 Blink                    Tloc           14%        N/A       12%         2
 Cigotuvi's Dreadful Rot  Necr/Pois/Air  6%         N/A       16%         2
 Inner Flame              Hex/Fire       6%         N/A       26%         3
 Mephitic Cloud           Conj/Pois/Air  6%         N/A       26%         3
 Flame Wave               Conj/Fire      10%        2d6       50%         4
 Sticky Flame             Conj/Fire      10%        2d3       50%         4


Dungeon Overview and Level Annotations

Branches:
Dungeon (2/15)

Altars:

Shops:
D:1 !

Annotations:
D:2 Sigmund


Innate Abilities, Weirdness & Mutations

Spells you cast may paralyse adjacent enemies.


Message History

The magic dart hits Sigmund.
Sigmund is severely wounded.
Malevolent energies surge around you.
Sigmund laughs darkly.
Sigmund hits you but does no damage.
Sigmund says, "You will soon forget everything."
Sigmund hits you but does no damage.
Sigmund hits you from afar with a +0 scythe.
Your transformation is almost over.
Sigmund casts a spell at you. The puff of flame hits you!
Sigmund hits you but does no damage.
Sigmund points at you and mumbles some strange words.
You resist with some effort.
Aiming: Magic Dart (safe; 5% risk of failure)
Press: ? - help, Q - select action Shift-Dir - straight line, f/p - Sigmund
Aim: Sigmund, wielding a +0 scythe and wearing a +2 robe of willpower (severely wounded, 100% to hit)
The magic dart hits Sigmund.
Sigmund is almost dead.
Malevolent energies surge around you. Sigmund casts a spell at you.
You are confused.
Sigmund hits you but does no damage. Sigmund hits you but does no damage.
Sigmund hits you but does no damage.
You feel less confused. Sigmund hits you but does no damage.
You feel less wooden.
Your +0 hat unmelds from your body.
Your +1 pair of boots unmelds from your body.
Your +0 robe unmelds from your body.
Sigmund barely misses you. Sigmund hits you with a +0 scythe!
* * * LOW HITPOINT WARNING * * *
You barely miss Sigmund.
Sigmund is almost dead.
You closely miss Sigmund.
Sigmund is almost dead.
Sigmund hits you with a +0 scythe!
You die...

##'## #.#.# #.##.#.###.#...
##...## ###.#.# #.##..(....####
#.....## #.....# #.####.........
.).....## #.#.#####.# #.....###.
...!....###.........#####....###.
........'(.................).....
........###....##########.....##.
.......## #.....(# #.#.#.##.
#.....## ######@# #.###.##.
##...## #@# #........ ##+## #.#
#####.### #.# #.# #.# #.# #(# #.#
##.## #.# #.# ##...####### #.#
#.### #.......,..# #.# #....
##...#.#*#.# #.# ###..


You could see Sigmund.

Vanquished Creatures
  Terence (D:2)
  An adder (D:2)
  A dart slug (D:1)
  8 bats
  2 endoplasms (D:2)
  A giant cockroach (D:2)
  6 goblins
  4 hobgoblins
  2 kobolds (D:1)
  A quokka (D:1)
  6 ball pythons
  A frilled lizard (D:2)
  4 rats
38 creatures vanquished.

Notes
Turn   | Place    | Note
-------+----------+-------------------------------------------
     0 | D:1      | ASSMAN the Demonspawn Hedge Wizard began the quest for the
                  | Orb.
     0 | D:1      | Reached XP level 1. HP: 13/13 MP: 4/4
    72 | D:1      | Reached skill level 1 in Fighting
   299 | D:1      | Gained mutation: Spells you cast may paralyse adjacent
                  | enemies. [demonic ancestry]
   299 | D:1      | Reached XP level 2. HP: 17/22 MP: 1/6
   703 | D:1      | Found Kulun's Distillery.
  1197 | D:2      | Reached XP level 3. HP: 28/28 MP: 0/7
  1952 | D:2      | Noticed Terence
  1970 | D:2      | Killed Terence
  1971 | D:2      | Reached skill level 1 in Fire Magic
  2093 | D:2      | Reached XP level 4. HP: 32/34 MP: 5/8
  2307 | D:2      | Noticed Sigmund
  2567 | D:2      | Slain by Sigmund

Illustrated notes

Levels and vault maps discovered:
D:1:      eino_arrival_tree_alley, layout_loops_cross, serial_shops, shop
D:2:      layout_loops_corners, uniq_sigmund, uniq_jessica, uniq_terence

Skill      XL: |  1  2  3 |
---------------+----------+-----
Fighting       | 1 2 |  2.9
Fire Magic     | 1 |  1.2
Dodging        | |  1.7
Stealth        | |  1.7
Spellcasting   | |  3.0
Conjurations   | |  1.7
Summonings     | |  1.0
Translocations | |  0.8

Action                     |  1- 3 |  4- 6 || total
---------------------------+-------+-------++-------
  Melee: Dagger            |    27 |     2 ||    29
  Throw: Dart              |       |     6 ||     6
   Cast: Magic Dart        |    79 |    14 ||    93
    Use: Potion            |     1 |     2 ||     3
         Scroll            |       |     6 ||     6
   Stab: Paralysed         |     7 |       ||     7
         Sleeping          |     1 |       ||     1
 Armour: Robe              |     8 |     3 ||    11
         Skin              |       |    15 ||    15
  Dodge: Dodged            |    21 |     5 ||    26

Table legend: (Time is in decaauts)
 A = Elapsed time spent in this place.
 B = Non-inter-level travel time spent in this place.
 C = Inter-level travel time spent in this place.
 D = Time resting spent in this place.
 E = Time spent auto-exploring this place.
 F = Levels seen in this place.
 G = Mean time per level.
                   A        B        C        D        E       F      G
               +--------+--------+--------+--------+--------+-----+--------+
         Total |   2565 |   2433 |    132 |    337 |   1759 |   2 | 1282.5 |
       Dungeon |   2565 |   2433 |    132 |    337 |   1759 |   2 | 1282.5 |
               +--------+--------+--------+--------+--------+-----+--------+

Top non-repeatable levels by time:
     D:2: 1483 daAuts
     D:1: 1082 daAuts
